General information
- name: BNet
- type: Ladder 1vs1/FFA
- host: Battle.net
- saver: Tycond
map: TwistedMeadows
- players: 2
- length: 19:52
- speed: Fast
- version: 1.24 W3XP
- replay type: Public
» download(63 KB)
Players
team 1 (winner)
PrinceTrap (
green | 79 APM | 1564 actions | 19:52)
4 Archmage
2 Summon Water Elemental
2 Brilliance Aura
4 Beastmaster
2 Summon Quilbeast
2 Summon Hawk
2 Firelord
1 Summon Lava Spawn
1 Soul Burn
» actions
| Assign group hotkey | 43 | |
| Basic commands | 241 | |
| Build / train | 78 | |
| Enter build submenu | 26 | |
| Enter hero's abilities submenu | 10 | |
| Give item / drop item | 1 | |
| Remove unit from queue | 1 | |
| Right click | 541 | |
| Select / deselect | 351 | |
| Select group hotkey | 137 | |
| Use ability | 135 | |
1564 total
» units
| Peasant | 19 | |
| Gryphon Rider | 3 | |
| Siege Engine | 22 | |
44 total
» upgrades
| Lumber Harvesting | 2 | |
| Storm Hammers | 1 | |
| Barrage | 1 | |
| Gunpowder | 2 | |
6 total
» buildings
| Altar of Kings | 1 | |
| Farm | 27 | |
| Keep | 3 | |
| Lumber Mill | 1 | |
| Arcane Vault | 1 | |
| Castle | 2 | |
| Scout Tower | 1 | |
| Arcane Tower | 1 | |
| Gryphon Aviary | 2 | |
| Town Hall | 1 | |
| Blacksmith | 1 | |
| Workshop | 3 | |
44 total
» build order
00:16 Altar of Kings
00:17 Farm
00:51 Farm
00:53 Farm
00:54 Farm
00:56 Farm
00:57 Farm
00:58 Farm
01:12 Farm
01:18 Farm
01:22 Farm
01:23 Farm
01:24 Farm
01:25 Farm
01:26 Farm
01:27 Farm
01:28 Farm
01:29 Farm
02:11 Keep
02:11 Keep
02:26 Lumber Mill
02:46 Farm
02:49 Farm
02:50 Farm
03:34 Arcane Vault
04:32 Castle
04:55 Scout Tower
05:25 Arcane Tower
06:01 Gryphon Aviary
06:22 Gryphon Aviary
07:30 Farm
10:10 Town Hall
11:16 Blacksmith
11:48 Farm
11:50 Farm
11:50 Farm
11:50 Farm
12:34 Workshop
12:35 Workshop
13:58 Farm
13:59 Farm
16:15 Workshop
» items
| Lesser Clarity Potion | 3 | |
| Scroll of Regeneration | 1 | |
| Orb of Fire | 1 | |
| Potion of Healing | 2 | |
| Scroll of Protection | 1 | |
8 total
team 2 (loser)
Tycond (
orange | 59 APM | 1174 actions | 19:52)
3 Blademaster
1 Wind Walk
2 Critical Strike
» actions
| Assign group hotkey | 45 | |
| Basic commands | 33 | |
| Build / train | 64 | |
| Enter build submenu | 27 | |
| Enter hero's abilities submenu | 3 | |
| Give item / drop item | 1 | |
| Remove unit from queue | 2 | |
| Right click | 503 | |
| Select / deselect | 203 | |
| Select group hotkey | 207 | |
| Use ability | 86 | |
1174 total
» units
» upgrades
| Spiked Barricades | 1 | |
| Liquid Fire | 1 | |
2 total
» buildings
| Altar of Storms | 1 | |
| Orc Burrow | 5 | |
| Voodoo Lounge | 1 | |
| War Mill | 1 | |
| Watch Tower | 13 | |
| Stronghold | 1 | |
| Beastiary | 3 | |
| Fortress | 1 | |
26 total
» build order
00:05 Altar of Storms
00:18 Orc Burrow
01:09 Voodoo Lounge
01:15 War Mill
01:50 Orc Burrow
02:33 Watch Tower
02:40 Orc Burrow
03:07 Watch Tower
03:17 Watch Tower
03:39 Watch Tower
04:32 Stronghold
04:53 Orc Burrow
05:22 Watch Tower
05:22 Watch Tower
06:54 Beastiary
06:54 Beastiary
06:58 Beastiary
07:10 Watch Tower
07:39 Watch Tower
08:06 Orc Burrow
08:51 Watch Tower
12:47 Fortress
16:38 Watch Tower
17:55 Watch Tower
18:00 Watch Tower
18:00 Watch Tower
» items
| Healing Salve | 5 | |
| Lesser Clarity Potion | 6 | |
| Boots of Speed | 1 | |
| Periapt of Vitality | 1 | |
| Staff of Teleportation | 1 | |
| Potion of Healing | 1 | |
15 total
Chat log
(02:59 / All) Tycond: so where do ya get your "toolz"
(03:03 / All) Tycond: d3scene?
(03:07 / All) PrinceTrap: ^_^
(03:10 / All) Tycond: no seriously
(03:30 / All) Tycond: are you a script kiddie or did you write these "wArEz" yourself?
(03:38 / All) PrinceTrap: ever see it before?
(03:41 / All) PrinceTrap: exactly.
(03:42 / All) PrinceTrap: ^_^
(03:45 / All) Tycond: script kiddie huh?
(03:52 / All) Tycond: thats nice
(05:44 / All) Tycond: how did you find my starting loc?
(05:52 / All) PrinceTrap: dumb question
(06:04 / All) Tycond: just holding onto a prayer that you actually scout i guess...
(06:11 / All) Tycond: dunno why
(06:17 / All) PrinceTrap: thought that counts
(09:37 / All) Tycond: couldnt find the instant-kill-hero hack?
(09:58 / All) Tycond: try the search function on d3scene i heard its good
(12:14 / All) Tycond: you should have been more clever than mass gryphs
(12:25 / All) PrinceTrap: i'm not massing those :)
(12:27 / All) Tycond: then again if you were, you woudnt be doing this to win...
(12:43 / All) Tycond: well you shot yourself out of tanks
(13:31 / All) Tycond: good lord why even play..
(18:18 / All) Tycond: you really get off on this?
(18:38 / All) Tycond: you know im sending this replay to blizzard right
(18:47 / All) Tycond: i doubt theyll do anything
(19:10 / All) Tycond: just wondering if youd given it any thought
(19:30 / All) Tycond: well im sure you have plenty of cdkeys
(19:36 / All) PrinceTrap: loads